General information
- name: BNet
- type: Ladder team game (AT/RT)
- host: Battle.net
- saver: NeutralCountry
map: MarketSquare
- players: 8
- length: 20:29
- speed: Fast
- version: 1.28 W3XP
- replay type: Public
» download(247 KB)
Players
team 1 (loser)
Tzar (
pink | 88 APM | 1571 actions | 17:48)
6 Death Knight
3 Death Coil
2 Unholy Aura
1 Animate Dead
1 Lich
1 Frost Nova
» actions
| Assign group hotkey | 258 | |
| Basic commands | 3 | |
| Build / train | 46 | |
| ESC pressed | 8 | |
| Enter build submenu | 16 | |
| Enter hero's abilities submenu | 7 | |
| Right click | 660 | |
| Select / deselect | 249 | |
| Select group hotkey | 251 | |
| Use ability | 73 | |
1571 total
» units
| Acolyte | 3 | |
| Ghoul | 3 | |
| Crypt Fiend | 10 | |
| Obsidian Statue | 4 | |
20 total
» upgrades
| Creature Attack | 3 | |
| Creature Carapace | 2 | |
| Web | 1 | |
| Destroyer Form | 1 | |
7 total
» buildings
| Ziggurat | 5 | |
| Altar of Darkness | 1 | |
| Crypt | 1 | |
| Tomb of Relics | 1 | |
| Graveyard | 2 | |
| Halls of the Dead | 1 | |
| Slaughterhouse | 1 | |
| Black Citadel | 1 | |
13 total
» build order
00:12 Ziggurat
00:17 Altar of Darkness
00:52 Crypt
01:19 Tomb of Relics
01:27 Graveyard
01:32 Graveyard
01:49 Ziggurat
04:45 Ziggurat
06:33 Halls of the Dead
06:38 Ziggurat
07:32 Ziggurat
09:42 Slaughterhouse
10:39 Black Citadel
» items
| Rod of Necromancy | 1 | |
| Scroll of Town Portal | 3 | |
| Potion of Healing | 3 | |
| Scroll of Regeneration | 1 | |
8 total
Lov3aNdWaR (
purple | 53 APM | 1032 actions | 19:24)
3 Death Knight
2 Death Coil
1 Unholy Aura
» actions
| Assign group hotkey | 18 | |
| Build / train | 82 | |
| ESC pressed | 1 | |
| Enter build submenu | 27 | |
| Enter hero's abilities submenu | 3 | |
| Give item / drop item | 1 | |
| Remove unit from queue | 3 | |
| Right click | 624 | |
| Select / deselect | 171 | |
| Select group hotkey | 51 | |
| Use ability | 51 | |
1032 total
» units
| Acolyte | 7 | |
| Ghoul | 8 | |
| Crypt Fiend | 15 | |
| Gargoyle | 8 | |
| Necromancer | 4 | |
42 total
» upgrades
| Web | 1 | |
| Creature Attack | 1 | |
| Unholy Strength | 1 | |
| Unholy Armor | 1 | |
| Skeletal Longevity | 1 | |
| Necromancer Training | 1 | |
6 total
» buildings
| Crypt | 1 | |
| Ziggurat | 11 | |
| Altar of Darkness | 1 | |
| Graveyard | 1 | |
| Tomb of Relics | 1 | |
| Nerubian Tower | 5 | |
| Halls of the Dead | 2 | |
| Spirit Tower | 6 | |
| Temple of the Damned | 2 | |
| Sacrificial Pit | 1 | |
| Necropolis | 3 | |
34 total
» build order
00:23 Crypt
00:29 Ziggurat
00:38 Ziggurat
01:01 Altar of Darkness
01:24 Graveyard
02:03 Tomb of Relics
02:42 Ziggurat
02:44 Nerubian Tower
02:44 Nerubian Tower
02:44 Nerubian Tower
04:20 Halls of the Dead
04:20 Halls of the Dead
06:21 Ziggurat
06:48 Spirit Tower
06:48 Spirit Tower
07:18 Ziggurat
08:31 Temple of the Damned
08:41 Sacrificial Pit
10:20 Ziggurat
10:38 Ziggurat
10:55 Ziggurat
11:25 Nerubian Tower
11:26 Nerubian Tower
11:34 Spirit Tower
11:34 Spirit Tower
11:34 Spirit Tower
11:54 Necropolis
12:52 Temple of the Damned
13:17 Ziggurat
13:55 Ziggurat
15:01 Spirit Tower
15:20 Ziggurat
16:24 Necropolis
18:53 Necropolis
» items
| Scroll of Town Portal | 1 | |
| Sacrificial Skull | 1 | |
| Scroll of Healing | 1 | |
3 total

»
enginenumba9 (
blue | 85 APM | 1740 actions | 20:27)
5 Crypt Lord
2 Carrion Beetles
3 Spiked Carapace
5 Death Knight
3 Death Coil
1 Unholy Aura
1 Death Pact
» actions
| Assign group hotkey | 76 | |
| Basic commands | 112 | |
| Build / train | 65 | |
| Enter build submenu | 28 | |
| Enter hero's abilities submenu | 10 | |
| Give item / drop item | 3 | |
| Right click | 475 | |
| Select / deselect | 202 | |
| Select group hotkey | 700 | |
| Use ability | 69 | |
1740 total
» units
| Acolyte | 12 | |
| Ghoul | 5 | |
| Crypt Fiend | 11 | |
| Frost Wyrm | 4 | |
32 total
» upgrades
| Creature Attack | 2 | |
| Creature Carapace | 2 | |
| Web | 1 | |
5 total
» buildings
| Crypt | 2 | |
| Graveyard | 1 | |
| Ziggurat | 14 | |
| Altar of Darkness | 1 | |
| Tomb of Relics | 1 | |
| Halls of the Dead | 1 | |
| Necropolis | 1 | |
| Black Citadel | 1 | |
| Sacrificial Pit | 1 | |
| Boneyard | 3 | |
| Spirit Tower | 4 | |
30 total
» build order
00:21 Crypt
00:25 Graveyard
00:41 Ziggurat
00:57 Altar of Darkness
01:20 Ziggurat
01:49 Tomb of Relics
03:02 Halls of the Dead
04:50 Necropolis
05:18 Ziggurat
06:33 Black Citadel
07:18 Ziggurat
07:24 Sacrificial Pit
08:54 Boneyard
08:56 Boneyard
08:57 Boneyard
10:20 Ziggurat
10:22 Ziggurat
11:48 Spirit Tower
12:50 Ziggurat
12:51 Ziggurat
12:54 Ziggurat
13:55 Spirit Tower
14:09 Crypt
17:22 Ziggurat
17:22 Ziggurat
18:54 Ziggurat
18:55 Ziggurat
18:55 Ziggurat
19:42 Spirit Tower
19:42 Spirit Tower
» items
| Rod of Necromancy | 2 | |
| Orb of Corruption | 1 | |
| Boots of Speed | 1 | |
| Potion of Lesser Invulnerability | 1 | |
| Scroll of Town Portal | 3 | |
| Scroll of Healing | 1 | |
| Staff of Teleportation | 1 | |
10 total

»
Suikoden_2 (
teal | 62 APM | 1191 actions | 19:19)
2 Mountain King
1 Storm Bolt
1 Bash
» actions
| Assign group hotkey | 14 | |
| Build / train | 68 | |
| Enter build submenu | 32 | |
| Enter hero's abilities submenu | 2 | |
| Remove unit from queue | 2 | |
| Right click | 495 | |
| Select / deselect | 255 | |
| Select group hotkey | 258 | |
| Use ability | 65 | |
1191 total
» units
| Peasant | 27 | |
| Footman | 4 | |
| Rifleman | 13 | |
| Mortar Team | 5 | |
49 total
» upgrades
| Masonry | 2 | |
| Gunpowder | 2 | |
| Armor | 1 | |
| Long Rifles | 1 | |
6 total
» buildings
| Barracks | 1 | |
| Altar of Kings | 2 | |
| Farm | 9 | |
| Scout Tower | 12 | |
| Lumber Mill | 2 | |
| Blacksmith | 1 | |
| Guard Tower | 5 | |
| Arcane Vault | 1 | |
| Keep | 1 | |
| Workshop | 2 | |
36 total
» build order
00:08 Barracks
00:14 Altar of Kings
00:26 Farm
00:29 Farm
01:33 Altar of Kings
02:22 Farm
02:34 Scout Tower
04:33 Scout Tower
06:45 Scout Tower
06:53 Scout Tower
06:57 Scout Tower
07:13 Lumber Mill
07:19 Farm
07:56 Lumber Mill
08:12 Blacksmith
08:33 Scout Tower
08:36 Guard Tower
08:52 Arcane Vault
09:36 Guard Tower
09:57 Farm
10:29 Keep
11:07 Farm
11:10 Farm
12:35 Scout Tower
12:36 Scout Tower
13:49 Guard Tower
13:53 Scout Tower
13:58 Farm
14:08 Scout Tower
14:15 Workshop
14:56 Guard Tower
15:03 Farm
16:06 Scout Tower
16:21 Scout Tower
16:43 Guard Tower
17:08 Workshop
» items
| Lesser Clarity Potion | 2 | |
| Scroll of Regeneration | 2 | |
4 total
team 2 (winner)

»
ViolentVBC (
green | 108 APM | 2214 actions | 20:28)
5 Archmage
3 Summon Water Elemental
2 Brilliance Aura
3 Mountain King
2 Storm Bolt
1 Bash
» actions
| Assign group hotkey | 41 | |
| Basic commands | 347 | |
| Build / train | 67 | |
| ESC pressed | 2 | |
| Enter build submenu | 20 | |
| Enter hero's abilities submenu | 8 | |
| Give item / drop item | 1 | |
| Remove unit from queue | 1 | |
| Right click | 524 | |
| Select / deselect | 374 | |
| Select group hotkey | 694 | |
| Use ability | 135 | |
2214 total
» units
| Peasant | 8 | |
| Footman | 5 | |
| Rifleman | 9 | |
| Sorceress | 3 | |
| Spell Breaker | 2 | |
| Priest | 3 | |
30 total
» upgrades
| Gunpowder | 2 | |
| Long Rifles | 1 | |
| Priest Training | 1 | |
4 total
» buildings
| Barracks | 1 | |
| Altar of Kings | 1 | |
| Farm | 8 | |
| Blacksmith | 1 | |
| Keep | 1 | |
| Arcane Vault | 1 | |
| Lumber Mill | 1 | |
| Arcane Sanctum | 2 | |
| Scout Tower | 2 | |
| Guard Tower | 2 | |
| Town Hall | 1 | |
21 total
» build order
00:09 Barracks
00:13 Altar of Kings
00:16 Farm
00:55 Farm
01:40 Farm
02:24 Blacksmith
03:17 Farm
03:26 Keep
04:08 Arcane Vault
06:26 Farm
07:12 Lumber Mill
07:26 Farm
08:20 Arcane Sanctum
08:21 Arcane Sanctum
08:24 Farm
09:50 Farm
13:01 Scout Tower
13:33 Guard Tower
15:50 Scout Tower
16:09 Town Hall
17:01 Guard Tower
» items
| Scroll of Regeneration | 6 | |
| Lesser Clarity Potion | 2 | |
| Scroll of Town Portal | 7 | |
| Potion of Healing | 3 | |
| Staff of Sanctuary | 1 | |
19 total

»
MrTMathEdMan (
red | 97 APM | 1992 actions | 20:28)
5 Death Knight
2 Death Coil
3 Unholy Aura
4 Lich
2 Frost Nova
2 Frost Armor
» actions
| Assign group hotkey | 26 | |
| Basic commands | 51 | |
| Build / train | 62 | |
| Enter build submenu | 19 | |
| Enter hero's abilities submenu | 9 | |
| Give item / drop item | 3 | |
| Remove unit from queue | 2 | |
| Right click | 1009 | |
| Select / deselect | 416 | |
| Select group hotkey | 323 | |
| Use ability | 72 | |
1992 total
» units
| Acolyte | 7 | |
| Ghoul | 1 | |
| Crypt Fiend | 18 | |
| Obsidian Statue | 5 | |
31 total
» upgrades
| Creature Attack | 2 | |
| Web | 1 | |
| Creature Carapace | 1 | |
4 total
» buildings
| Altar of Darkness | 2 | |
| Crypt | 1 | |
| Graveyard | 1 | |
| Ziggurat | 5 | |
| Tomb of Relics | 1 | |
| Nerubian Tower | 1 | |
| Spirit Tower | 2 | |
| Halls of the Dead | 1 | |
| Slaughterhouse | 1 | |
| Black Citadel | 1 | |
16 total
» build order
00:06 Altar of Darkness
00:10 Crypt
00:20 Graveyard
00:43 Altar of Darkness
00:59 Ziggurat
01:35 Tomb of Relics
02:04 Ziggurat
02:42 Nerubian Tower
03:06 Spirit Tower
03:20 Ziggurat
04:32 Halls of the Dead
06:21 Ziggurat
07:51 Slaughterhouse
09:47 Ziggurat
11:25 Spirit Tower
15:11 Black Citadel
» items
| Rod of Necromancy | 3 | |
| Scroll of Town Portal | 2 | |
| Potion of Healing | 2 | |
| Scroll of Healing | 1 | |
| Orb of Corruption | 1 | |
9 total
NeutralCountry (
yellow | 90 APM | 1840 actions | 20:29)
1 Paladin
1 Divine Shield
» actions
| Assign group hotkey | 14 | |
| Build / train | 67 | |
| Enter build submenu | 39 | |
| Enter hero's abilities submenu | 1 | |
| Remove unit from queue | 1 | |
| Right click | 690 | |
| Select / deselect | 342 | |
| Select group hotkey | 638 | |
| Use ability | 48 | |
1840 total
» units
| Peasant | 17 | |
| Flying Machine | 25 | |
42 total
» upgrades
| Masonry | 2 | |
| Lumber Harvesting | 1 | |
| Gunpowder | 3 | |
| Plating | 3 | |
| Flak Cannons | 1 | |
| Flying Machine Bombs | 1 | |
11 total
» buildings
| Lumber Mill | 1 | |
| Farm | 7 | |
| Scout Tower | 26 | |
| Arcane Tower | 3 | |
| Guard Tower | 6 | |
| Keep | 1 | |
| Blacksmith | 1 | |
| Workshop | 3 | |
| Altar of Kings | 1 | |
| Castle | 1 | |
| Town Hall | 1 | |
51 total
» build order
00:40 Lumber Mill
01:17 Farm
01:19 Farm
01:20 Farm
01:26 Farm
01:56 Farm
01:58 Farm
02:00 Farm
02:07 Scout Tower
02:08 Scout Tower
02:12 Scout Tower
02:15 Scout Tower
02:50 Arcane Tower
02:54 Guard Tower
03:06 Arcane Tower
03:47 Scout Tower
03:48 Scout Tower
04:12 Scout Tower
04:12 Scout Tower
04:14 Guard Tower
04:14 Guard Tower
04:21 Keep
04:32 Scout Tower
04:32 Scout Tower
04:46 Guard Tower
04:47 Scout Tower
04:48 Scout Tower
04:49 Scout Tower
06:11 Blacksmith
07:06 Workshop
07:07 Workshop
07:08 Workshop
07:20 Altar of Kings
07:24 Arcane Tower
08:29 Castle
12:05 Scout Tower
12:06 Scout Tower
12:06 Scout Tower
12:07 Scout Tower
12:08 Scout Tower
13:10 Guard Tower
13:27 Town Hall
17:00 Scout Tower
17:00 Scout Tower
17:00 Scout Tower
17:01 Scout Tower
17:01 Scout Tower
17:02 Scout Tower
17:02 Scout Tower
17:02 Scout Tower
17:46 Guard Tower
18:06 Guard Tower

»
klfjshf (
orange | 109 APM | 2231 actions | 20:28)
5 Archmage
3 Blizzard
2 Brilliance Aura
» actions
| Assign group hotkey | 645 | |
| Basic commands | 81 | |
| Build / train | 61 | |
| Enter build submenu | 25 | |
| Enter hero's abilities submenu | 5 | |
| Remove unit from queue | 1 | |
| Right click | 770 | |
| Select / deselect | 199 | |
| Select group hotkey | 351 | |
| Use ability | 93 | |
2231 total
» units
» upgrades
| Masonry | 3 | |
| Gunpowder | 3 | |
| Lumber Harvesting | 2 | |
| Barrage | 1 | |
| Plating | 1 | |
10 total
» buildings
| Altar of Kings | 1 | |
| Farm | 6 | |
| Lumber Mill | 1 | |
| Scout Tower | 10 | |
| Arcane Vault | 1 | |
| Arcane Tower | 3 | |
| Blacksmith | 1 | |
| Guard Tower | 7 | |
| Keep | 1 | |
| Castle | 1 | |
| Workshop | 3 | |
35 total
» build order
00:25 Altar of Kings
00:32 Farm
01:28 Farm
01:55 Lumber Mill
02:14 Scout Tower
02:22 Arcane Vault
03:34 Arcane Tower
03:41 Blacksmith
05:43 Scout Tower
05:45 Scout Tower
05:49 Scout Tower
06:03 Guard Tower
06:08 Guard Tower
06:14 Scout Tower
06:28 Guard Tower
06:30 Guard Tower
06:36 Scout Tower
06:48 Keep
07:04 Guard Tower
07:17 Scout Tower
07:45 Arcane Tower
07:49 Farm
09:19 Castle
09:54 Scout Tower
10:14 Workshop
10:19 Workshop
10:24 Guard Tower
10:27 Farm
10:37 Workshop
10:44 Farm
11:52 Farm
14:03 Scout Tower
14:39 Arcane Tower
15:13 Scout Tower
16:13 Guard Tower
» items
| Lesser Clarity Potion | 2 | |
| Scroll of Regeneration | 2 | |
| Scroll of Town Portal | 4 | |
| Potion of Healing | 4 | |
| Orb of Fire | 1 | |
13 total
Chat log
(00:20 / Allies) NeutralCountry: They must have a sell on mh now that the new patch is coming
(00:27 / Allies) klfjshf: agreed
(00:50 / Allies) ViolentVBC: hah
(01:03 / Allies) NeutralCountry: seems everytime someone wants to do that it's human lol
(01:13 / All) Suikoden_2: hahhahaha
(01:22 / Allies) klfjshf: have my hero coming
(01:37 / Allies) klfjshf: he doenst even have an altar
(01:41 / Allies) klfjshf: come hit teal end game fast
(01:47 / Allies) ViolentVBC: yes
(02:30 / Allies) klfjshf: coem yellow
(04:13 / All) klfjshf: lmao
(04:33 / Allies) klfjshf: comin back yellow
(05:11 / All) klfjshf: LMAO SOOO BAD
(05:14 / All) Suikoden_2: dogshit allies
(05:21 / All) Suikoden_2: 0 help
(08:09 / Allies) klfjshf: assume they haev expos
(09:19 / Allies) ViolentVBC: nm
(09:55 / Allies) ViolentVBC: omw
(13:37 / Allies) MrTMathEdMan: wyrm frm blue
(13:44 / Allies) NeutralCountry: gotta love auto web
(14:14 / All) klfjshf: teal your team needs u
(14:42 / All) Suikoden_2: ya like im gunna leave and let ur 6 tanks kill my base
(14:54 / Allies) klfjshf: so stay there then while i mass
(15:49 / All) klfjshf: oh teal now your base
(16:59 / All) Suikoden_2: hahahhahaaha
(17:21 / All) klfjshf: teasl losing soo badly and hes laughing ahahah
(18:54 / Allies) klfjshf: can someone do me afavor
(18:59 / Allies) ViolentVBC: tping
(19:04 / Allies) klfjshf: ty
(19:40 / All) klfjshf: TEAL
(19:41 / All) klfjshf: WOW
(19:49 / All) klfjshf: amazing hwo easy teh gaem is when enemy isnt hacking
(19:54 / All) klfjshf: bleu really?
(20:00 / All) klfjshf: ima fk waste your time blue
(20:26 / All) enginenumba9: need the cheese much?